 Dungeon Crawl Stone Soup version 0.16.1-4-g8e1b745 (webtiles) character file.

291 Fluffy the Cleaver (level 6, -4/51 HPs)
             Began as a Hill Orc Fighter on Mar 26, 2015.
             Killed from afar by an orc wizard (6 damage)
             ... with a magic dart
             ... on level 3 of the Dungeon.
             The game lasted 00:07:40 (2314 turns).

Fluffy the Cleaver (Hill Orc Fighter)               Turns: 2314, Time: 00:07:40

Health: -4/51      AC:  9    Str: 21    XL:     6   Next: 32%
Magic:  6/6        EV: 12    Int:  8    God:
Gold:   131        SH:  9    Dex: 15    Spells: 0 memorised, 5 levels left

rFire  . . .     SeeInvis .     a - +0 war axe
rCold  . . .     Clarity  .     b - +0 scale mail
rNeg   . . .     SustAb   .     c - +0 shield
rPois  .         Gourm    .     (no helmet)
rElec  .         Spirit   .     (no cloak)
rCorr  .         Warding  .     n - +2 pair of gloves
rMut   .         Stasis   .     (no boots)
MR     .....                    (no amulet)
Stlth  +.........               (no ring)
                                (no ring)

@: agile, lethally poisoned (-4 -> -7), very slightly contaminated, drained, not
resistant to hostile enchantments, very unstealthy
A: no striking features
a: no special abilities


You were on level 3 of the Dungeon.
You were not hungry.

You visited 1 branch of the dungeon, and saw 3 of its levels.

You collected 131 gold pieces.

Inventory:

Hand weapons
 a - a +0 war axe (weapon)
Armour
 b - a +0 scale mail (worn)
 c - a +0 shield (worn)
 n - a +2 pair of gloves (worn)
Scrolls
 l - 3 scrolls of teleportation
 q - 2 scrolls of magic mapping
Potions
 e - 2 potions of might
 h - a potion of agility
 m - a potion of invisibility
 o - a potion of degeneration
Comestibles
 d - a meat ration
 f - a beef jerky
 i - a slice of pizza


   Skills:
 - Level 3.6(3.4) Fighting
 + Level 8.6(8.3) Axes
 - Level 3.2(3.1) Armour
 - Level 3.2(3.1) Shields


You had 5 spell levels left.
You didn't know any spells.

Dungeon Overview and Level Annotations

Branches:
Dungeon (3/15)

Altars:
Cheibriados


Message History

It was a scroll of blinking.
Drink which item? (? for menu, Esc to quit)
Okay, then.
* * * LOW HITPOINT WARNING * * *
You feel sick.
The orc wizard shouts!
The orc shouts!
* * * LOW HITPOINT WARNING * * *
You feel sick.
You barely miss the orc wizard.
* * * LOW HITPOINT WARNING * * *
You feel sick. The orc wizard closely misses you.
The orc wizard barely misses you. You block the orc's attack.
You hit the orc.
The orc is heavily wounded.
You hit the orc wizard.
The orc wizard is lightly wounded.
The orc wizard casts a spell at you. The magic dart hits you!
You die...

,,,* *** #.# ########. ****
##.####.######.## ## *
******#.............#.# *
*,,,,,...########....####
*,*****,,#§§§§§.#.......#
*,* *,,#§####.#....##.# *,*
*,,#§####.####.##.#### *,*
*,*#§##.§§.(.........#
*,****#,*#§@o...(###.###.#.#
*,,,,,..##.oo..((##.## ##..#
****,.>....o...(.##.# #..#
*,#..#....((..##.## ##..#
*,#.#.........###.###.#.#
*,.*##........# #.......#
*,*,#.........# ###.#####
*,*#.#.######## #.# *,,o...*
#.#


You could see 2 orc wizards and 2 orcs.

Vanquished Creatures
  The ghost of puimuR the Chopper, an average VSBe of Trog (D:3)
  An orc wizard (D:3)
  7 gnolls
  2 adders (D:2)
  A giant mite (D:1)
  A worm (D:3)
  8 orcs (D:3)
  6 bats
  3 giant cockroaches
  7 goblins
  7 hobgoblins
  10 kobolds
  5 giant newts
  6 rats
65 creatures vanquished.

Notes
Turn   | Place    | Note
--------------------------------------------------------------
     0 | D:1      | Fluffy, the Hill Orc Fighter, began the quest for the Orb.
     0 | D:1      | Reached XP level 1. HP: 19/19 MP: 1/1
   138 | D:1      | Reached XP level 2. HP: 26/26 MP: 2/2
   226 | D:1      | Reached skill level 4 in Axes
   496 | D:1      | Reached XP level 3. HP: 31/31 MP: 3/3
   911 | D:2      | Reached skill level 5 in Axes
  1084 | D:2      | Reached XP level 4. HP: 22/39 MP: 4/4
  1278 | D:2      | Reached skill level 6 in Axes
  1824 | D:3      | Reached XP level 5. HP: 40/45 MP: 5/5
  1856 | D:3      | Reached skill level 7 in Axes
  1965 | D:3      | Noticed puimuR's ghost (average VSBe)
  2001 | D:3      | Killed puimuR's ghost
  2001 | D:3      | Reached skill level 8 in Axes
  2001 | D:3      | Reached XP level 6. HP: 47/51 MP: 6/6
  2085 | D:3      | Found a snail-covered altar of Cheibriados.
  2313 | D:3      | HP: 2/51 [poisoned by a kobold]
  2314 | D:3      | Killed from afar by an orc wizard

Action                   |  1- 3 |  4- 6 || total
-------------------------+-------+-------++-------
Melee: War axe           |    71 |   139 ||   210
  Use: Scroll            |       |     7 ||     7
       Potion            |       |     2 ||     2
  Eat: Chunk             |     1 |     4 ||     5
